 Dungeon Crawl Stone Soup version 0.30-a0-718-geaa24f58ff (webtiles) character file.

Game seed: 1285493217268867342

91 avis the Shooter (level 4, -2/37 HPs)
             Began as a Demigod Hunter on Jan 26, 2023.
             Slain by Natasha (4 damage)
             ... on level 2 of the Dungeon.
             The game lasted 00:06:27 (1994 turns).

avis the Shooter (Demigod Hunter)                   Turns: 1994, Time: 00:06:28

Health: -2/37      AC:  4    Str: 12    XL:     4   Next: 12%
Magic:  6/6        EV: 13    Int: 11    God:
Gold:   113        SH:  0    Dex: 21    Spells: 3/3 levels left

rFire   . . .      SeeInvis .    b - +2 short sword (drain)
rCold   . . .      Faith    .    (no shield)
rNeg    . . .      Spirit   .    c - +0 leather armour
rPois   .          Reflect  .    h - +0 helmet
rElec   .          Harm     .    (no cloak)
rCorr   .          Rampage  .    (no gloves)
Will    .....                    (no boots)
Stlth   ++                       (no amulet)
HPRegen 0.26/turn                (no ring)
MPRegen 0.10/turn                (no ring)

@: brilliant
A: high MP 1, forlorn, divine attributes
a: no special abilities


You were on level 2 of the Dungeon.
You visited 1 branch of the dungeon, and saw 2 of its levels.

You collected 113 gold pieces.

Inventory:

Hand Weapons
 a - a +0 shortbow
 b - a +2 short sword of draining (weapon)
Missiles
 m - 2 poisoned darts
Armour
 c - a +0 leather armour (worn)
 h - a +0 helmet (worn)
Scrolls
 d - a scroll of immolation
 e - a scroll of magic mapping {unknown}
 f - a scroll of poison {unknown}
 g - a scroll of teleportation {unknown}
 i - a scroll of enchant weapon {unknown}
 k - a scroll of acquirement {unknown}
 l - a scroll of noise {unknown}
 n - a scroll of fog {unknown}


   Skills:
 * Level 2.5 Fighting
 - Level 4.0 Ranged Weapons
 - Level 3.0 Dodging
 - Level 2.0 Stealth


You had 3 spell levels left.
You didn't know any spells.
Your spell library was empty.

Dungeon Overview and Level Annotations

Branches:
Dungeon (2/15)

Annotations:
D:2 Natasha


Innate Abilities, Weirdness & Mutations

You have an increased reservoir of magic. (+10% MP)
You shall have no god before yourself.
Your divine heritage dramatically boosts your attributes as you level up.


Message History

The hobgoblin hits you but does no damage.
Natasha mewls in sadness.
Natasha barely misses you.
You closely miss Natasha.
Natasha is moderately wounded.
Natasha casts a spell.
The hobgoblin hits you but does no damage.
You closely miss Natasha.
Natasha is moderately wounded.
The hobgoblin hits you.
* * * LOW HITPOINT WARNING * * *
Natasha closely misses you.
You hit Natasha but do no damage.
Natasha is moderately wounded.
The hobgoblin completely misses you. Natasha barely misses you.
The hobgoblin hits you.
* * * LOW HITPOINT WARNING * * *
Natasha misses you. The hobgoblin closely misses you.
Natasha stares at you and mumbles some strange words.
You resist with some effort.
You see here a +0 robe.
The hobgoblin attacks as you move away! The hobgoblin completely misses you.
Natasha mumbles some strange words.
Natasha shimmers violently.
The hobgoblin attacks as you move away! The hobgoblin hits you.
* * * LOW HITPOINT WARNING * * *
You hit the hobgoblin.
You kill the hobgoblin!
It was a potion of brilliance.
You feel clever all of a sudden. Natasha claws you.
* * * LOW HITPOINT WARNING * * *
You closely miss Natasha.
Natasha is moderately wounded.
Natasha closely misses you.
You hit Natasha. You drain Natasha.
Natasha is severely wounded.
Natasha claws you.
You die...

...###.####
........†##.
#........#..
##(........#
##.###.)... ## #.#
#(.... # .. #.# #.....
....#.##### #>#####...
#....@h5#####.#..)..##
#...###[#.†5)...######
### #...###.### #
#)### #.## ...# #..#
....## ##.# ## ###.#
###.#### #. ..
#......###. ...
#......#...


You could see Natasha (very drained) and a shadow imp (summoned).

Vanquished Creatures
  Natasha (twice) (D:2)
  An adder (D:1)
  3 bats (D:1)
  2 endoplasms (D:1)
  2 giant cockroaches
  3 goblins
  4 hobgoblins
  4 jackals (D:1)
  A quokka (D:1)
  2 frilled lizards (D:1)
  5 kobolds
  A rat (D:1)
30 creatures vanquished.

Notes
Turn   | Place    | Note
-------+----------+-------------------------------------------
     0 | D:1      | avis the Demigod Hunter began the quest for the Orb.
     0 | D:1      | Reached XP level 1. HP: 17/17 MP: 3/3
   237 | D:1      | Reached skill level 4 in Ranged Weapons
   460 | D:1      | Reached XP level 2. HP: 24/24 MP: 4/4
  1459 | D:1      | Reached XP level 3. HP: 29/29 MP: 5/5
  1765 | D:2      | Noticed Natasha
  1773 | D:2      | Killed Natasha
  1774 | D:2      | Reached skill level 1 in Stealth
  1926 | D:2      | Noticed Natasha
  1937 | D:2      | Killed Natasha
  1938 | D:2      | Reached XP level 4. HP: 19/37 MP: 6/6
  1976 | D:2      | Noticed Natasha
  1992 | D:2      | HP: 1/37 [Natasha (4)]
  1994 | D:2      | Slain by Natasha

Illustrated notes

Levels and vault maps discovered:
D:1:      lemuel_arrival_funnel, layout_basic, hex_intersection,
          kennysheep_pointless_box, hangedman_feature_mirror, solitary_fountain
D:2:      layout_rooms, minmay_quantized, uniq_natasha

Skill      XL: |  1  2  3 |
---------------+----------+-----
Fighting       | 2 |  2.5
Ranged Weapons | 4 |  4.0
Dodging        | 2 3 |  3.0
Stealth        | 2 |  2.0

Action                     |  1- 3 |  4- 6 || total
---------------------------+-------+-------++-------
  Melee: Short sword       |     6 |    13 ||    19
   Fire: Shortbow          |    80 |     3 ||    83
    Use: Potion            |       |     1 ||     1
 Armour: Leather armour    |    25 |     3 ||    28
  Dodge: Dodged            |    65 |    10 ||    75

Table legend: (Time is in decaauts)
 A = Elapsed time spent in this place.
 B = Non-inter-level travel time spent in this place.
 C = Inter-level travel time spent in this place.
 D = Time resting spent in this place.
 E = Time spent auto-exploring this place.
 F = Levels seen in this place.
 G = Mean time per level.
                   A        B        C        D        E       F      G
               +--------+--------+--------+--------+--------+-----+--------+
         Total |   2029 |   1876 |    153 |    625 |    937 |   2 | 1014.5 |
       Dungeon |   2029 |   1876 |    153 |    625 |    937 |   2 | 1014.5 |
               +--------+--------+--------+--------+--------+-----+--------+

Top non-repeatable levels by time:
     D:1: 1733 daAuts
     D:2: 295 daAuts
